AoeStats
← WihtoriKosola

Black Forest

510560306Analyzed
4v4 RM · 2d ago on Oct 1, 2026· 42m 31s· 8 players
Game mode
Random Map
Map size
Large (8 player)
Population
200
Speed
Normal
Resources
Standard
Victory
Conquest
Starting age
Dark Age
Ending age
Imperial Age
RankedLock teamsTeams togetherTeam positionsShared explorationLock speedFull tech treeHidden civsTurbo modeCheats
Victory
Defeat
🇻🇳 Chinese · Vietnam
1335
+11
🇻🇳 Maya · Vietnam
1269
+13
🇻🇳 Inca · Vietnam
1212
+16
🇻🇳 Khmer · Vietnam
1145
+17
🇹🇼 Franks · Taiwan
1220
-15
🇲🇽 Saracens · Mexico
1214
-15
🇨🇳 Goths · China
1202
-14
🇫🇮 Persians · Finland
1180
-13
会做梦的懒猪
12:04 Feudal Age
16:17 Castle Age
14:35 Double-Bit Axe
15:57 Wheelbarrow
15:04 Horse Collar
17:21 Bow Saw
16:59 Loom
22:04 Heavy Plow
22:50 Stone Mining
26:19 Hand Cart
28:10 Anarchy
31:11 Imperial Age
29:35 Forging
29:26 Scale Mail Armor
34:40 Conscription
33:41 Elite Huskarl
34:28 Squires
33:49 Pikeman
35:19 Chain Mail Armor
40:17 Two-Man Saw
Gerald Genta
0:53 Loom
13:06 Feudal Age
16:59 Castle Age
15:34 Double-Bit Axe
16:58 Horse Collar
17:57 Wheelbarrow
18:04 Fishing Lines
19:38 Bow Saw
24:57 Fletching
25:53 Ballistics
27:02 Heavy Plow
29:24 Bodkin Arrow
29:51 Hand Cart
30:14 Fortified Wall
33:40 Imperial Age
33:29 Town Watch
35:30 Chemistry
34:40 Masonry
35:12 Bracer
36:32 Chemistry
36:02 Counterweights
36:32 Crossbowman
37:18 Thumb Ring
37:39 Parthian Tactics
37:45 Arbalester
WihtoriKosola
10:17 Feudal Age
10:52 Double-Bit Axe
10:48 Horse Collar
15:19 Castle Age
15:30 Wheelbarrow
16:00 Bow Saw
18:43 Heavy Plow
19:33 Gold Mining
24:22 Scale Barding Armor
25:49 Chain Barding Armor
25:41 Forging
28:49 Stone Mining
31:28 Iron Casting
33:06 Gold Shaft Mining
32:54 Hand Cart
33:06 Hand Cart
35:41 Ballistics
38:31 Imperial Age
36:39 Husbandry
36:53 Bloodlines
38:25 Cavalier
40:07 Blast Furnace
39:43 Plate Barding Armor
40:13 Heavy Camel Rider
Malvavisco
1:15 Loom
11:11 Feudal Age
13:04 Double-Bit Axe
15:43 Castle Age
14:24 Fishing Lines
19:21 Stone Mining
20:51 Squires
20:39 Gambesons
30:35 Arson
30:55 Scale Mail Armor
32:01 Gillnets
32:28 Chain Mail Armor
33:41 Forging
35:01 Ordonnance Companies
36:20 Wheelbarrow
35:56 Bow Saw
35:40 Gold Mining
36:27 Iron Casting
40:37 Imperial Age
38:27 Fletching
40:06 Treadmill Crane
40:36 Fortified Wall
40:27 Bodkin Arrow
40:20 Arson
Tin's
11:22 Feudal Age
16:48 Castle Age
14:49 Double-Bit Axe
16:34 Fishing Lines
17:47 Horse Collar
18:17 Bow Saw
18:51 Heavy Plow
20:05 Loom
24:02 Gold Mining
24:02 Stone Mining
26:02 Wheelbarrow
27:13 Champi Runner
28:47 Gold Shaft Mining
29:13 Scale Mail Armor
29:23 Forging
30:10 Hand Cart
33:20 Imperial Age
31:18 Town Watch
31:06 Champi Warrior
31:47 Squires
32:12 Chain Mail Armor
32:32 Iron Casting
32:47 Stone Shaft Mining
32:56 Pikeman
34:43 Plate Mail Armor
35:13 Blast Furnace
34:08 Fletching
34:54 Fabric Shields
34:17 Elite Kamayuk
35:41 Elite Champi Warrior
37:31 Hoardings
37:17 Conscription
37:42 Andean Sling
40:55 Bodkin Arrow
41:04 Caravan
41:35 Coinage
Phu Thuy
0:30 Loom
11:46 Feudal Age
15:26 Castle Age
13:44 Double-Bit Axe
14:31 Stone Mining
14:41 Fishing Lines
15:29 Horse Collar
17:01 Bow Saw
18:17 Fletching
19:11 Gillnets
20:39 Bodkin Arrow
21:36 Gold Mining
22:59 Padded Archer Armor
24:07 Wheelbarrow
24:25 Heavy Plow
26:35 Leather Archer Armor
27:09 Town Watch
28:00 Ballistics
30:00 Forging
31:17 Treadmill Crane
36:33 Imperial Age
36:48 Elite Plumed Archer
37:51 Conscription
37:06 Elite Plumed Archer
38:33 Bracer
39:04 Ring Archer Armor
39:36 Chemistry
39:52 Hul'che Javelineers
40:29 Hoardings
40:57 Iron Casting
40:23 Scale Mail Armor
41:02 Holcans
TanLN
0:28 Loom
10:43 Feudal Age
15:53 Castle Age
15:04 Double-Bit Axe
16:51 Bow Saw
17:58 Wheelbarrow
18:47 Fishing Lines
21:27 Gold Mining
21:27 Stone Mining
22:19 Fletching
24:05 Bodkin Arrow
28:46 Imperial Age
26:10 Gillnets
27:28 Padded Archer Armor
29:00 Thumb Ring
30:17 Elite Chu Ko Nu
31:17 Conscription
31:15 Bracer
31:47 Ballistics
32:27 Chemistry
32:16 Leather Archer Armor
33:32 Chemistry
33:36 Ring Archer Armor
34:34 Masonry
34:24 Murder Holes
35:31 Gold Shaft Mining
35:31 Stone Shaft Mining
35:32 Gold Shaft Mining
34:52 Heavy Rocket Cart
36:50 Capped Ram
37:43 Forging
40:47 Coinage
40:18 Caravan
kw3dsky
10:29 Feudal Age
16:37 Castle Age
14:41 Horse Collar
14:54 Double-Bit Axe
16:30 Gold Mining
18:41 Wheelbarrow
18:40 Husbandry
18:53 Bloodlines
20:12 Bow Saw
22:34 Scale Barding Armor
23:13 Hand Cart
24:07 Chain Barding Armor
27:58 Loom
30:35 Forging
33:43 Imperial Age
32:18 Iron Casting
32:26 Gold Shaft Mining
35:46 Conscription
35:28 Double Crossbow
35:58 Heavy Plow
36:39 Plate Barding Armor
36:46 Plate Barding Armor
36:36 Elite Ballista Elephant
41:11 Chemistry
42:07 Ballistics
Connection lost

Rejoining the realm…

Still unreachable

The connection could not be restored.

Session expired

The server has moved on; the page needs a fresh start.